 Dungeon Crawl Stone Soup version 0.31.0-9-g3a7656b989 (webtiles) character file.

Game seed: 16688752425195771688

55730 qw the Marksspriggan (level 14, -8/72 HPs)
             Began as a Spriggan Hunter on Feb 2, 2024.
             Was a High Priest of Okawaru.
             Mangled by a death yak (14 damage)
             ... on level 5 of the Lair of Beasts.
             The game lasted 00:02:05 (16159 turns).

qw the Marksspriggan (Spriggan Hunter)             Turns: 16159, Time: 00:02:05

Health: -8/72      AC: 14    Str:  3 (7)  XL:     14   Next: 39%
Magic:  22/22      EV: 20    Int: 11      God:    Okawaru [*****.]
Gold:   865        SH:  0    Dex: 27      Spells: 13/13 levels left

rFire   . . .        r - +2 arbalest (venom)
rCold   + . .        (shield currently unavailable)
rNeg    . . .        s - +2 swamp dragon scales
rPois   +            u - +1 hat
rElec   +            z - +2 cloak
rCorr   +            (gloves unavailable)
SInv    +            (boots unavailable)
Will    ++...        b - amulet of faith
Stlth   ++           e - ring "Bategaycwoo" {+Blink rElec rCorr Dex+4}
HPRegen 0.32/turn    j - ring of protection from cold
MPRegen 0.18/turn

%: clarity, faith
@: very quick
A: very small, no large weapons, unfitting armour, see invisible, speed 3,
clarity, deterioration 1, mutation resistance 1
a: Renounce Religion, Evoke Blink, Heroism, Finesse, Duel


You were on level 5 of the Lair of Beasts.
You worshipped Okawaru.
Okawaru was extremely pleased with you.
You visited 3 branches of the dungeon, and saw 16 of its levels.
You also visited: Sewer and Ossuary.

You collected 1876 gold pieces.
You spent 1011 gold pieces at shops.


Innate Abilities, Weirdness & Mutations

You are very small and have problems with some larger weapons.
You are too small for most types of armour.
You have supernaturally acute eyesight. (SInv)
You cover ground extremely quickly. (Speed+++)
You possess an exceptional clarity of mind.
Your body sometimes deteriorates upon taking damage.
You are somewhat resistant to further mutation.


   Skills:
 + Level 7.9 Fighting
 - Level 18.0 Ranged Weapons
 - Level 3.3 Armour
 - Level 15.6 Dodging
 - Level 1.5 Stealth
 - Level 10.0 Invocations


You had 13 spell levels left.
You didn't know any spells.
Your spell library was empty.

Inventory:

Hand Weapons
 r - a +2 arbalest of venom (weapon)
Armour
 c - the -1 cloak of Macaroni {rF+ Will- rCorr Str+3}
   (You acquired it on level 2 of the Dungeon)

   Str+3:     It affects your strength (+3).
   rF+:       It protects you from fire.
   Will-:     It decreases your willpower.
   rCorr:     It protects you from acid and corrosion.
 d - the +2 robe of the Turtle {rElec Dex+4}
   (You acquired it on level 2 of the Dungeon)

   Dex+4:     It affects your dexterity (+4).
   rElec:     It insulates you from electricity.
 s - +2 swamp dragon scales (worn)
 u - a +1 hat (worn)
 z - a +2 cloak (worn)
Jewellery
 a - a ring of positive energy
 b - an amulet of faith (around neck)
 e - the ring "Bategaycwoo" (left hand) {+Blink rElec rCorr Dex+4}
   (You found it on level 7 of the Dungeon)

   [ring of resist corrosion]

   Dex+4:     It affects your dexterity (+4).
   rElec:     It insulates you from electricity.
   +Blink:    It lets you blink.
   rCorr:     It protects you from acid and corrosion.
 f - a ring of fire
 j - a ring of protection from cold (right hand)
 k - an amulet of reflection
 o - a ring of willpower
 A - a ring of poison resistance
 B - a ring of flight
 Y - a ring of protection from fire
Wands
 h - a wand of roots (22)
 i - a wand of charming (8)
 y - a wand of acid (5)
 C - a wand of mindburst (6)
Scrolls
 n - a scroll of teleportation
 v - 6 scrolls of identify
Potions
 g - 3 potions of might
 l - 6 potions of curing
 m - 3 potions of mutation
 p - a potion of resistance
 q - a potion of enlightenment
 t - 2 potions of heal wounds
 w - a potion of cancellation
 x - a potion of haste

Dungeon Overview and Level Annotations

Branches:
Dungeon (10/15)            Temple (1/1) D:5            Lair (5/5) D:10
 Shoals (0/4) Lair:2        Snake (0/4) Lair:2        Slime (0/5) Lair:5
    Orc (0/2) D:10          Sewer (visited)         Ossuary (visited)

Altars:
Ashenzari
Cheibriados
Dithmenos
Elyvilon
Fedhas
Gozag
Hepliaklqana
Kikubaaqudgha
Makhleb
Nemelex Xobeh
Okawaru
Qazlal
Ru
Sif Muna
Trog
Uskayaw
Vehumet
Wu Jian
Xom
Yredelemnul
Zin
The Shining One
Jiyva

Shops:
D:5 *   D:9 (

Portals:
Volcano: Lair:3


Message History

You shoot a bolt. The bolt barely misses the death yak.
The death yak misses you.
You shoot a bolt. The bolt barely misses the death yak.
The death yak completely misses you.
You shoot a bolt. The bolt hits the death yak!
The death yak is moderately wounded.
The death yak completely misses you. The death yak misses you.
You shoot a bolt. The bolt hits the death yak!
The death yak is poisoned.
The death yak is heavily wounded.
The death yak barely misses you.
You shoot a bolt.
The bolt hits the death yak but does no damage.
The death yak is heavily wounded.
The death yak gores you!
Your body deteriorates!
You feel weakened.
You shoot a bolt. The bolt barely misses the death yak.
The death yak completely misses you.
You shoot a bolt. The bolt hits the death yak.
The death yak is heavily wounded.
The death yak closely misses you.
You shoot a bolt. The bolt barely misses the death yak.
The death yak barely misses you. The death yak misses you.
The death yak gores you but does no damage.
You shoot a bolt. The bolt hits the death yak!!
You kill the death yak!
Okawaru accepts your kill. The death yak gores you!
You shoot a bolt. The bolt hits the death yak!!
The death yak is poisoned.
The death yak is moderately wounded.
The death yak closely misses you. The death yak misses you.
You shoot a bolt. The bolt hits the death yak.
The death yak is moderately wounded.
The death yak gores you but does no damage.
The death yak gores you!
Your body deteriorates!
You feel weakened.
You shoot a bolt. The bolt barely misses the death yak.
The death yak gores you!!
Your body deteriorates!
You feel weakened. The death yak gores you!
You die...

........####............#
.........#..#...........#
..........####..........#
...........###.........##
..........###...........
.......#### #...........
.......# #........#..
....#P## #.!...##..
...#### #...#@## ## ####
#....Y#Y# P# #.........#
P# #...........# ##.
#...........#.# ...#
#............## .....
........ .### #.....
....... .. ##...


You could see 2 death yaks.

Vanquished Creatures
  Gastronok (Lair:1)
  3 hydras
  A boulder beetle (Lair:5)
  2 two-headed ogres
  9 death yaks
  Urug (Lair:2)
  A skyshark (Lair:4)
  Pikel (D:8)
  2 ugly things
  A salamander (Lair:2)
  3 elephants (Lair:5)
  Maurice (D:10)
  Joseph (Lair:1)
  4 black mambas
  10 cane toads
  A gargoyle (D:7)
  Maggie (Lair:1)
  Jeremiah (D:6)
  2 rime drakes (Lair:4)
  A kobold demonologist (D:7)
  2 unseen horrors
  6 komodo dragons
  An unseen horror zombie (D:10)
  5 hornets
  3 trolls
  8 polar bears
  8 blink frogs
  9 dream sheep
  2 shadows (D:10)
  12 spriggans (Lair:5)
  A slime creature (D:7)
  A vampire (D:10)
  Eustachio (D:6)
  7 wyverns
  3 basilisks
  28 yaks
  A steam dragon (D:9)
  Menkaure (D:6)
  2 acid dragons
  A naga (Lair:2)
  19 water moccasins
  2 sky beasts
  5 black bears
  4 ice beasts
  2 orc warriors (D:9)
  4 boggarts (Lair:5)
  2 ogres
  33 wolves
  4 centaurs
  6 elf zombies (Ossuary)
  A phantom (D:7)
  4 kobold brigands
  14 bullfrogs
  A scorpion (D:6)
  A burial acolyte (D:10)
  26 wights
  14 killer bees
  6 howler monkeys
  5 electric eels
  3 centaur zombies
  4 jellies
  3 gnoll boudas
  3 hounds
  5 human zombies
  A bombardier beetle (D:7)
  An orc priest (D:5)
  2 sleepcaps
  4 centaur skeletons (D:10)
  5 iguanas
  5 orc wizards
  2 hell rats (Lair:1)
  3 mummies (Ossuary)
  11 gnolls
  6 adders
  6 river rats
  A shadow imp (D:7)
  2 white imps (D:6)
  3 ufetubi
  A dart slug (D:1)
  4 ribbon worms
  16 orcs
  9 ball pythons
  12 endoplasms
  2 giant cockroaches
  9 goblins
  6 hobgoblins
  3 jackals (D:2)
  3 quokkas
  A bat (D:3)
  11 frilled lizards
  22 kobolds
  13 rats
484 creatures vanquished.

Vanquished Creatures (others)
  An orc priest (D:7)
  An orc (D:7)
2 creatures vanquished.

Grand Total: 486 creatures vanquished

Notes
Turn   | Place    | Note
-------+----------+-------------------------------------------
     0 | D:1      | qw the Spriggan Hunter began the quest for the Orb.
     0 | D:1      | Reached XP level 1. HP: 10/10 MP: 2/2
     0 | D:1      | 0 ||| qw: Version: 0.3-a-155-g5e7d8dd
     0 | D:1      | 0 ||| qw: Game counter: 2156
     0 | D:1      | 0 ||| qw: Melee chars always use a shield: true
     0 | D:1      | 0 ||| qw: God list: Okawaru
     0 | D:1      | 0 ||| qw: Allow faded altars: false
     0 | D:1      | 0 ||| qw: Do Orc after clearing Dungeon:15 true
     0 | D:1      | 0 ||| qw: Do second Lair branch before Depths: true
     0 | D:1      | 0 ||| qw: Lair rune preference: random
     0 | D:1      | 0 ||| qw: Goals: Normal
     0 | D:1      | 0 ||| PLANNING D:1-11
    38 | D:1      | Reached skill level 3 in Dodging
    99 | D:1      | Reached XP level 2. HP: 14/14 MP: 3/3
   270 | D:1      | Found a faded altar of an unknown god.
   289 | D:1      | Reached XP level 3. HP: 18/18 MP: 4/4
   509 | D:1      | 509 ||| READING scroll labelled PUANIABB PUURE.
   514 | D:1      | 514 ||| READING scroll labelled SOACIA IBADO.
   514 | D:1      | 514 ||| IDENTIFYING fuming coppery potion
   515 | D:1      | 515 ||| READING scroll labelled IKHLAPR UTOSAOQU.
   515 | D:1      | 515 ||| ENCHANTING +0 shortbow.
   516 | D:1      | 516 ||| READING scroll labelled IFUREI LAEGI.
   617 | D:1      | 617 ||| DROPPING scroll of butterflies.
   618 | D:1      | 618 ||| DROPPING potion of degeneration.
  1464 | D:2      | 1464 ||| READING 2 scrolls of identify.
  1464 | D:2      | 1464 ||| IDENTIFYING silvery potion
  1465 | D:2      | 1465 ||| READING scroll of identify.
  1465 | D:2      | 1465 ||| IDENTIFYING scroll labelled FOULLE ONWAZI
  1466 | D:2      | 1466 ||| READING 3 scrolls labelled POLAFU DUKLE.
  1466 | D:2      | Identified 3 scrolls of acquirement
  1466 | D:2      | 1466 ||| ACQUIRING +2 robe of the Turtle {rElec Dex+4}
  1466 | D:2      | Acquired the +2 robe of the Turtle {rElec Dex+4}
  1468 | D:2      | 1468 ||| UPGRADING to +2 robe of the Turtle {rElec Dex+4}.
  1478 | D:2      | 1478 ||| DROPPING +0 robe.
  1479 | D:2      | 1479 ||| READING 2 scrolls of acquirement.
  1479 | D:2      | 1479 ||| ACQUIRING 439 gold pieces
  1479 | D:2      | Acquired 439 gold pieces
  1480 | D:2      | 1480 ||| READING scroll of acquirement.
  1480 | D:2      | 1480 ||| ACQUIRING -1 cloak of Macaroni {rF+ Will- rCorr
                  | Str+3}
  1480 | D:2      | Acquired the -1 cloak of Macaroni {rF+ Will- rCorr Str+3}
  1482 | D:2      | 1482 ||| UPGRADING to -1 cloak of Macaroni {rF+ Will- rCorr
                  | Str+3}.
  1487 | D:2      | 1487 ||| READING scroll labelled BEWAIMOALA.
  1488 | D:2      | 1488 ||| DROPPING scroll of fog.
  1489 | D:2      | 1489 ||| DROPPING potion of attraction.
  1502 | D:3      | 1502 ||| STAIRDANCE
  1506 | D:3      | 1506 ||| STAIRDANCE
  1510 | D:3      | 1510 ||| STAIRDANCE
  1514 | D:3      | 1514 ||| STAIRDANCE
  1586 | D:3      | Found a broken altar of Ashenzari.
  1613 | D:3      | Reached XP level 4. HP: 22/22 MP: 5/5
  1951 | D:3      | 1951 ||| UPGRADING to ring of positive energy.
  1952 | D:3      | 1952 ||| DROPPING ring of wizardry.
  1953 | D:3      | 1953 ||| READING 2 scrolls of identify.
  1953 | D:3      | 1953 ||| IDENTIFYING scroll labelled BOKKYNK ZUOFOD
  1954 | D:3      | 1954 ||| READING scroll of identify.
  1954 | D:3      | 1954 ||| IDENTIFYING scroll labelled VEFIADWABLE
  1955 | D:3      | 1955 ||| DROPPING scroll of poison.
  1956 | D:3      | 1956 ||| DROPPING scroll of noise.
  1980 | D:4      | 1980 ||| PLANNING SEWER
  2046 | D:4      | Found a sacrificial altar of Ru.
  2057 | D:4      | Reached skill level 5 in Ranged Weapons
  2057 | D:4      | Reached XP level 5. HP: 25/25 MP: 6/6
  2135 | D:4      | Noticed an ogre
  2141 | D:4      | Killed an ogre
  2208 | D:4      | Reached skill level 6 in Dodging
  2208 | D:4      | Reached XP level 6. HP: 32/32 MP: 7/7
  2233 | D:4      | Reached skill level 6 in Ranged Weapons
  2482 | D:4      | Found a glowing drain.
  2483 | D:4      | 2483 ||| READING scroll of identify.
  2483 | D:4      | 2483 ||| IDENTIFYING sapphire potion
  2484 | D:4      | 2484 ||| READING scroll labelled FABAUG HIBBAR.
  2485 | D:4      | 2485 ||| READING scroll labelled ROASIW HINEGO.
  2537 | D:4      | 2537 ||| READING scroll labelled NEPHEIWK JIEPP.
  2546 | Sewer    | Entered a sewer
  2667 | Sewer    | Reached XP level 7. HP: 35/35 MP: 8/8
  2668 | Sewer    | Found a viscous altar of Jiyva.
  2749 | Sewer    | 2749 ||| DROPPING +2 robe of positive energy.
  2750 | Sewer    | 2750 ||| READING 3 scrolls labelled NEONASKACI.
  2751 | Sewer    | 2751 ||| DRINKING 2 lumpy ruby potions.
  2752 | Sewer    | 2752 ||| DROPPING 2 scrolls of blinking.
  2767 | D:4      | 2767 ||| PLANNING D:1-11
  2848 | D:5      | Entered Level 5 of the Dungeon
  2849 | D:5      | 2849 ||| PLANNING OSSUARY
  2879 | D:5      | Reached skill level 7 in Ranged Weapons
  2900 | D:5      | Found a hide-covered altar of Uskayaw.
  2900 | D:5      | Found a shimmering blue altar of Sif Muna.
  3174 | D:5      | Found a staircase to the Ecumenical Temple.
  3431 | D:5      | Found Minon's Serpentskin Sales.
  3446 | D:5      | Reached XP level 8. HP: 33/39 MP: 9/9
  3472 | D:5      | 3472 ||| BUYING +0 arbalest of venom (103 gold).
  3472 | D:5      | Bought a +0 arbalest of venom for 103 gold pieces
  3472 | D:5      | 3472 ||| BUYING +0 swamp dragon scales (700 gold).
  3472 | D:5      | Bought +0 swamp dragon scales for 700 gold pieces
  3472 | D:5      | 3472 ||| SHOPLISTING ring "Ifeot" {rElec rPois rC++ Int+3
                  | Dex-5} (662 gold, have 4).
  3472 | D:5      | 3472 ||| SWAPPING to +0 arbalest of venom.
  3473 | D:5      | 3473 ||| DROPPING +0 shortbow.
  3486 | D:5      | Found a sand-covered staircase.
  3487 | D:5      | 3487 ||| UPGRADING to +0 swamp dragon scales.
  3497 | D:5      | 3497 ||| READING scroll of enchant armour.
  3497 | D:5      | 3497 ||| ENCHANTING +0 swamp dragon scales.
  3498 | D:5      | 3498 ||| READING scroll of identify.
  3498 | D:5      | 3498 ||| IDENTIFYING bubbling amethyst potion
  3507 | Ossuary  | Entered an ossuary
  3528 | Ossuary  | Reached skill level 1 in Armour
  3549 | Ossuary  | Reached skill level 8 in Ranged Weapons
  3613 | Ossuary  | Reached skill level 3 in Fighting
  3737 | Ossuary  | Reached skill level 9 in Ranged Weapons
  3755 | Ossuary  | 3755 ||| READING 3 scrolls of identify.
  3755 | Ossuary  | 3755 ||| IDENTIFYING metallic ruby potion
  3756 | Ossuary  | 3756 ||| READING 2 scrolls of identify.
  3756 | Ossuary  | 3756 ||| IDENTIFYING glowing silvery potion
  3757 | Ossuary  | 3757 ||| READING scroll of identify.
  3757 | Ossuary  | 3757 ||| IDENTIFYING fuming grey potion
  3758 | Ossuary  | 3758 ||| DRINKING 2 sedimented inky potions.
  3758 | Ossuary  | Gained mutation: You are somewhat resistant to further
                  | mutation. [potion of mutation]
  3758 | Ossuary  | Gained mutation: Your body sometimes deteriorates upon
                  | taking damage. [potion of mutation]
  3758 | Ossuary  | Gained mutation: You possess an exceptional clarity of
                  | mind. [potion of mutation]
  3759 | Ossuary  | 3759 ||| DRINKING 3 bubbling orange potions.
  3760 | Ossuary  | 3760 ||| DRINKING 2 amethyst potions.
  3761 | Ossuary  | 3761 ||| DROPPING potion of berserk rage.
  3762 | Ossuary  | 3762 ||| DROPPING potion of magic.
  3763 | Ossuary  | 3763 ||| DROPPING 2 potions of brilliance.
  3773 | D:5      | 3773 ||| PLANNING TEMPLE
  3865 | Temple   | Entered the Ecumenical Temple
  3866 | Temple   | 3866 ||| PLANNING D:1-11
  4088 | D:6      | HP: 10/40 [gnoll/+0 spear[a gnoll bouda] (3)]
  4089 | D:6      | 4089 ||| READING 2 scrolls of teleportation.
  4269 | D:6      | Noticed Eustachio
  4283 | D:6      | Killed Eustachio
  4284 | D:6      | Reached skill level 10 in Ranged Weapons
  4449 | D:6      | Reached XP level 9. HP: 45/45 MP: 10/10
  4505 | D:6      | Noticed Jeremiah
  4510 | D:6      | 4510 ||| DRINKING potion of haste.
  4516 | D:6      | 4516 ||| FLEEEEING.
  4522 | D:6      | Killed Jeremiah
  4523 | D:6      | Reached skill level 9 in Dodging
  4728 | D:6      | Noticed Menkaure
  4732 | D:6      | 4732 ||| DRINKING potion of haste.
  4734 | D:6      | Killed Menkaure
  5020 | D:6      | 5020 ||| FLEEEEING.
  5021 | D:6      | 5021 ||| FLEEEEING.
  5022 | D:6      | 5022 ||| FLEEEEING.
  5309 | D:6      | Found a glowing golden altar of the Shining One.
  5557 | D:6      | 5557 ||| READING scroll of identify.
  5557 | D:6      | 5557 ||| IDENTIFYING viscous pink potion
  5558 | D:6      | 5558 ||| DRINKING 2 green potions.
  5559 | D:6      | 5559 ||| DROPPING potion of lignification.
  5772 | D:7      | 5772 ||| RETREEEEATING.
  5776 | D:7      | 5776 ||| RETREEEEATING.
  5777 | D:7      | 5777 ||| RETREEEEATING.
  5780 | D:7      | 5780 ||| FLEEEEING.
  5781 | D:7      | 5781 ||| FLEEEEING.
  5782 | D:7      | 5782 ||| FLEEEEING.
  5783 | D:7      | 5783 ||| FLEEEEING.
  5784 | D:7      | 5784 ||| FLEEEEING.
  5790 | D:7      | 5790 ||| FLEEEEING.
  5791 | D:7      | 5791 ||| FLEEEEING.
  5792 | D:7      | 5792 ||| FLEEEEING.
  5793 | D:7      | 5793 ||| FLEEEEING.
  5794 | D:7      | 5794 ||| FLEEEEING.
  5795 | D:7      | 5795 ||| FLEEEEING.
  5796 | D:7      | 5796 ||| FLEEEEING.
  5873 | D:7      | Found a basalt altar of Yredelemnul.
  5894 | D:7      | 5894 ||| RETREEEEATING.
  5901 | D:7      | Reached skill level 11 in Ranged Weapons
  5903 | D:7      | Noticed a purple ugly thing
  5909 | D:7      | HP: 10/45 [purple ugly thing (12)]
  5910 | D:7      | 5910 ||| READING scroll of teleportation.
  5911 | D:7      | 5911 ||| DRINKING potion of heal wounds.
  5913 | D:7      | 5913 ||| FLEEEEING.
  5914 | D:7      | 5914 ||| FLEEEEING.
  5915 | D:7      | 5915 ||| FLEEEEING.
  5916 | D:7      | 5916 ||| FLEEEEING.
  5917 | D:7      | 5917 ||| FLEEEEING.
  5918 | D:7      | 5918 ||| FLEEEEING.
  5918 | D:7      | Killed a purple ugly thing
  5919 | D:7      | Reached skill level 3 in Armour
  5919 | D:7      | 5919 ||| FLEEEEING.
  5920 | D:7      | 5920 ||| FLEEEEING.
  5921 | D:7      | 5921 ||| FLEEEEING.
  5922 | D:7      | 5922 ||| FLEEEEING.
  5923 | D:7      | 5923 ||| FLEEEEING.
  5924 | D:7      | 5924 ||| FLEEEEING.
  5925 | D:7      | 5925 ||| FLEEEEING.
  5932 | D:7      | 5932 ||| FLEEEEING.
  5933 | D:7      | 5933 ||| FLEEEEING.
  5934 | D:7      | 5934 ||| FLEEEEING.
  5935 | D:7      | 5935 ||| FLEEEEING.
  5936 | D:7      | 5936 ||| FLEEEEING.
  5937 | D:7      | 5937 ||| FLEEEEING.
  5938 | D:7      | 5938 ||| FLEEEEING.
  6069 | D:7      | Reached XP level 10. HP: 49/49 MP: 11/11
  6103 | D:7      | Identified the ring "Bategaycwoo" {+Blink rElec rCorr
                  | Dex+4}
  6174 | D:7      | 6174 ||| RETREEEEATING.
  6175 | D:7      | 6175 ||| RETREEEEATING.
  6176 | D:7      | 6176 ||| RETREEEEATING.
  6178 | D:7      | 6178 ||| RETREEEEATING.
  6184 | D:7      | Noticed a soul eater
  6184 | D:7      | 6184 ||| RETREEEEATING.
  6203 | D:7      | Noticed a soul eater
  6274 | D:7      | Reached skill level 12 in Ranged Weapons
  6315 | D:7      | Noticed a gargoyle
  6320 | D:7      | 6320 ||| DRINKING potion of haste.
  6321 | D:7      | Killed a gargoyle
  6322 | D:7      | 6322 ||| FLEEEEING.
  6323 | D:7      | 6323 ||| FLEEEEING.
  6324 | D:7      | 6324 ||| FLEEEEING.
  6325 | D:7      | 6325 ||| FLEEEEING.
  6326 | D:7      | 6326 ||| FLEEEEING.
  6327 | D:7      | 6327 ||| FLEEEEING.
  6328 | D:7      | 6328 ||| FLEEEEING.
  6646 | D:7      | 6646 ||| UPGRADING to amulet of reflection.
  6651 | D:7      | 6651 ||| UPGRADING to ring of protection from fire.
  6652 | D:7      | 6652 ||| UPGRADING to ring "Bategaycwoo" {+Blink rElec
                  | rCorr Dex+4}.
  6654 | D:7      | 6654 ||| UPGRADING to ring of protection from cold.
  6656 | D:7      | 6656 ||| READING scroll of identify.
  6656 | D:7      | 6656 ||| IDENTIFYING emerald potion
  6657 | D:7      | 6657 ||| DRINKING potion of experience.
  6657 | D:7      | Reached skill level 15 in Dodging
  6657 | D:7      | Reached XP level 11. HP: 55/55 MP: 12/12
  6791 | D:8      | 6791 ||| FLEEEEING.
  6792 | D:8      | 6792 ||| FLEEEEING.
  6793 | D:8      | 6793 ||| FLEEEEING.
  6794 | D:8      | 6794 ||| FLEEEEING.
  6795 | D:8      | 6795 ||| FLEEEEING.
  6796 | D:8      | 6796 ||| FLEEEEING.
  6922 | D:8      | 6922 ||| FLEEEEING.
  6924 | D:8      | 6924 ||| FLEEEEING.
  6925 | D:8      | 6925 ||| FLEEEEING.
  6926 | D:8      | 6926 ||| FLEEEEING.
  6927 | D:8      | 6927 ||| FLEEEEING.
  6928 | D:8      | 6928 ||| FLEEEEING.
  6929 | D:8      | 6929 ||| FLEEEEING.
  6930 | D:8      | 6930 ||| STAIRDANCE
  6942 | D:7      | 6942 ||| DROPPING amulet of the acrobat.
  7109 | D:8      | Found a flagged portal.
  7145 | D:8      | Noticed Pikel
  7146 | D:8      | 7146 ||| DRINKING potion of haste.
  7149 | D:8      | Killed Pikel
  7581 | D:8      | 7581 ||| READING scroll of enchant armour.
  7581 | D:8      | 7581 ||| ENCHANTING +1 swamp dragon scales.
  7606 | D:8      | 7606 ||| READING 2 scrolls labelled MIUNTA UCIGH.
  7606 | D:8      | 7606 ||| ENCHANTING +0 arbalest of venom.
  7607 | D:8      | 7607 ||| READING scroll of enchant weapon.
  7607 | D:8      | 7607 ||| ENCHANTING +1 arbalest of venom.
  7623 | D:9      | Noticed a two-headed ogre
  7624 | D:9      | 7624 ||| STAIRDANCE
  7634 | D:9      | 7634 ||| STAIRDANCE
  7639 | D:8      | HP: 11/55 [two-headed ogre/+0 giant club (6)]
  7640 | D:8      | 7640 ||| READING scroll of teleportation.
  7647 | D:8      | Killed a two-headed ogre
  7648 | D:8      | Reached skill level 13 in Ranged Weapons
  7839 | D:9      | 7839 ||| STAIRDANCE
  7846 | D:9      | 7846 ||| STAIRDANCE
  8027 | D:9      | Found Keigotu's Antique Weapon Emporium.
  8041 | D:9      | 8041 ||| BUYING glowing orcbow (208 gold).
  8041 | D:9      | Bought a glowing orcbow for 208 gold pieces
  8041 | D:9      | 8041 ||| DROPPING +0 heavy orcbow.
  8099 | D:9      | 8099 ||| RETREEEEATING.
  8102 | D:9      | 8102 ||| RETREEEEATING.
  8110 | D:9      | HP: 11/55 [troll (11)]
  8111 | D:9      | 8111 ||| READING 2 scrolls of teleportation.
  8112 | D:9      | 8112 ||| DRINKING potion of heal wounds.
  8883 | D:9      | Noticed a purple ugly thing
  8884 | D:9      | 8884 ||| RETREEEEATING.
  8892 | D:9      | Reached skill level 14 in Ranged Weapons
  8895 | D:9      | Killed a purple ugly thing
  8956 | D:9      | Reached XP level 12. HP: 60/60 MP: 13/13
  9199 | D:9      | 9199 ||| READING scroll of identify.
  9199 | D:9      | 9199 ||| IDENTIFYING lumpy green potion
  9200 | D:9      | 9200 ||| DROPPING potion of invisibility.
  9217 | D:10     | Entered Level 10 of the Dungeon
  9236 | D:10     | 9236 ||| RETREEEEATING.
  9343 | D:10     | 9343 ||| FLEEEEING.
  9344 | D:10     | 9344 ||| FLEEEEING.
  9345 | D:10     | 9345 ||| FLEEEEING.
  9346 | D:10     | 9346 ||| FLEEEEING.
  9347 | D:10     | 9347 ||| FLEEEEING.
  9349 | D:10     | 9349 ||| FLEEEEING.
  9350 | D:10     | 9350 ||| FLEEEEING.
  9365 | D:10     | Noticed Maurice
  9368 | D:10     | Maurice stole an amulet of faith
  9370 | D:10     | Noticed a two-headed ogre
  9372 | D:10     | 9372 ||| DRINKING potion of haste.
  9374 | D:10     | Maurice stole 67 gold
  9376 | D:10     | Killed Maurice
  9377 | D:10     | Reached skill level 6 in Fighting
  9380 | D:10     | Killed a two-headed ogre
  9543 | D:10     | Identified the +1 leather armour "Somoerphe" {rPois Slay+2}
  9760 | D:10     | Found a staircase to the Lair.
  9806 | D:10     | Found a staircase to the Orcish Mines.
  9958 | D:10     | Noticed a death yak
  9960 | D:10     | 9960 ||| RETREEEEATING.
  9960 | D:10     | Found an iron altar of Okawaru.
  9961 | D:10     | 9961 ||| PLANNING OKAWARU WORSHIP
  9961 | D:10     | 9961 ||| RETREEEEATING.
  9963 | D:10     | 9963 ||| RETREEEEATING.
  9964 | D:10     | 9964 ||| UPGRADING to amulet of faith.
  9974 | D:10     | 9974 ||| RETREEEEATING.
  9979 | D:10     | Killed a death yak
 10111 | D:10     | Became a worshipper of Warmaster Okawaru
 10112 | D:10     | 10112 ||| PLANNING D:1-11
 10353 | D:10     | Reached skill level 15 in Ranged Weapons
 10394 | D:10     | Found an ancient bone altar of Kikubaaqudgha.
 10437 | D:10     | Reached * piety under Okawaru
 10454 | D:10     | Reached skill level 1 in Invocations
 10539 | D:10     | 10539 ||| PLANNING LAIR
 10579 | Lair:1   | Entered Level 1 of the Lair of Beasts
 10658 | Lair:1   | Noticed Maggie
 10662 | Lair:1   | 10662 ||| RETREEEEATING.
 10664 | Lair:1   | 10664 ||| RETREEEEATING.
 10673 | Lair:1   | 10673 ||| RETREEEEATING.
 10674 | Lair:1   | 10674 ||| RETREEEEATING.
 10674 | Lair:1   | Noticed Joseph
 10675 | Lair:1   | 10675 ||| RETREEEEATING.
 10676 | Lair:1   | 10676 ||| RETREEEEATING.
 10677 | Lair:1   | 10677 ||| RETREEEEATING.
 10678 | Lair:1   | 10678 ||| RETREEEEATING.
 10679 | Lair:1   | 10679 ||| RETREEEEATING.
 10681 | Lair:1   | 10681 ||| RETREEEEATING.
 10682 | Lair:1   | 10682 ||| RETREEEEATING.
 10683 | Lair:1   | 10683 ||| RETREEEEATING.
 10684 | Lair:1   | 10684 ||| INVOKING Heroism.
 10685 | Lair:1   | Killed Maggie
 10686 | Lair:1   | Reached skill level 3 in Invocations
 10690 | Lair:1   | Reached ** piety under Okawaru
 10693 | Lair:1   | 10693 ||| RETREEEEATING.
 10707 | Lair:1   | Noticed Gastronok
 10709 | Lair:1   | Killed Joseph
 10717 | Lair:1   | 10717 ||| INVOKING Heroism.
 10727 | Lair:1   | Killed Gastronok
 11022 | Lair:1   | Identified the +2 leather armour of Hedging {+Inv SInv}
 11424 | Lair:1   | 11424 ||| UPGRADING to +1 hat.
 11429 | Lair:1   | 11429 ||| READING 2 scrolls of identify.
 11429 | Lair:1   | 11429 ||| IDENTIFYING scroll labelled HAKO OPNECEUPHYE
 11430 | Lair:1   | 11430 ||| DROPPING scroll of amnesia.
 11438 | Lair:2   | 11438 ||| RETREEEEATING.
 11442 | Lair:2   | Reached skill level 16 in Ranged Weapons
 11442 | Lair:2   | 11442 ||| RETREEEEATING.
 11529 | Lair:2   | Reached *** piety under Okawaru
 11579 | Lair:2   | Found a staircase to the Shoals.
 11661 | Lair:2   | Reached XP level 13. HP: 66/66 MP: 17/17
 11885 | Lair:2   | Found a staircase to the Snake Pit.
 12276 | Lair:2   | Noticed Urug
 12286 | Lair:2   | Killed Urug
 12286 | Lair:2   | Reached **** piety under Okawaru
 12567 | Lair:2   | 12567 ||| UPGRADING to +2 cloak.
 12577 | Lair:2   | 12577 ||| READING 2 scrolls of identify.
 12577 | Lair:2   | 12577 ||| IDENTIFYING clear potion
 12578 | Lair:2   | 12578 ||| DROPPING potion of ambrosia.
 12679 | Lair:3   | Found a dark tunnel.
 12738 | Lair:3   | Identified the +4 robe "Gaddishra" {rElec rPois Str+3}
 12914 | Lair:3   | 12914 ||| RETREEEEATING.
 12915 | Lair:3   | 12915 ||| RETREEEEATING.
 12919 | Lair:3   | 12919 ||| RETREEEEATING.
 12920 | Lair:3   | 12920 ||| RETREEEEATING.
 12923 | Lair:3   | 12923 ||| RETREEEEATING.
 12924 | Lair:3   | 12924 ||| RETREEEEATING.
 12925 | Lair:3   | 12925 ||| RETREEEEATING.
 13042 | Lair:3   | 13042 ||| RETREEEEATING.
 13049 | Lair:3   | 13049 ||| RETREEEEATING.
 13355 | Lair:3   | 13355 ||| DROPPING +4 robe "Gaddishra" {rElec rPois Str+3}.
 13397 | Lair:4   | 13397 ||| RETREEEEATING.
 13398 | Lair:4   | 13398 ||| RETREEEEATING.
 13400 | Lair:4   | 13400 ||| RETREEEEATING.
 13401 | Lair:4   | 13401 ||| RETREEEEATING.
 13402 | Lair:4   | 13402 ||| RETREEEEATING.
 13403 | Lair:4   | 13403 ||| RETREEEEATING.
 13406 | Lair:4   | Reached ***** piety under Okawaru
 13469 | Lair:4   | Received a gift from Okawaru
 13481 | Lair:4   | Reached skill level 6 in Invocations
 13566 | Lair:4   | 13566 ||| RETREEEEATING.
 13642 | Lair:4   | 13642 ||| INVOKING Finesse.
 13658 | Lair:4   | Reached skill level 17 in Ranged Weapons
 13670 | Lair:4   | HP: 12/67 [polar bear (8)]
 13671 | Lair:4   | 13671 ||| READING 3 scrolls of teleportation.
 13672 | Lair:4   | 13672 ||| DRINKING 2 potions of heal wounds.
 13867 | Lair:4   | 13867 ||| RETREEEEATING.
 13870 | Lair:4   | 13870 ||| RETREEEEATING.
 13873 | Lair:4   | 13873 ||| RETREEEEATING.
 13874 | Lair:4   | 13874 ||| RETREEEEATING.
 13875 | Lair:4   | 13875 ||| RETREEEEATING.
 13884 | Lair:4   | Received a gift from Okawaru
 14585 | Lair:5   | Entered Level 5 of the Lair of Beasts
 14586 | Lair:5   | 14586 ||| STAIRDANCE
 14590 | Lair:5   | 14590 ||| STAIRDANCE
 14677 | Lair:5   | 14677 ||| RETREEEEATING.
 14678 | Lair:5   | 14678 ||| RETREEEEATING.
 14682 | Lair:5   | 14682 ||| RETREEEEATING.
 14684 | Lair:5   | 14684 ||| RETREEEEATING.
 14687 | Lair:5   | 14687 ||| RETREEEEATING.
 14737 | Lair:5   | 14737 ||| RETREEEEATING.
 14738 | Lair:5   | Received a gift from Okawaru
 14740 | Lair:5   | 14740 ||| RETREEEEATING.
 14878 | Lair:5   | 14878 ||| RETREEEEATING.
 14905 | Lair:5   | Reached XP level 14. HP: 49/72 MP: 21/21
 14950 | Lair:5   | 14950 ||| INVOKING Finesse.
 14951 | Lair:5   | 14951 ||| INVOKING Heroism.
 14987 | Lair:5   | 14987 ||| INVOKING Finesse.
 15040 | Lair:5   | 15040 ||| INVOKING Finesse.
 15041 | Lair:5   | 15041 ||| INVOKING Heroism.
 15103 | Lair:5   | 15103 ||| RETREEEEATING.
 15107 | Lair:5   | 15107 ||| RETREEEEATING.
 15109 | Lair:5   | 15109 ||| RETREEEEATING.
 15111 | Lair:5   | 15111 ||| RETREEEEATING.
 15112 | Lair:5   | 15112 ||| RETREEEEATING.
 15114 | Lair:5   | 15114 ||| RETREEEEATING.
 15118 | Lair:5   | 15118 ||| RETREEEEATING.
 15119 | Lair:5   | 15119 ||| RETREEEEATING.
 15120 | Lair:5   | 15120 ||| RETREEEEATING.
 15131 | Lair:5   | Reached skill level 9 in Invocations
 15267 | Lair:5   | 15267 ||| RETREEEEATING.
 15268 | Lair:5   | 15268 ||| RETREEEEATING.
 15273 | Lair:5   | 15273 ||| RETREEEEATING.
 15274 | Lair:5   | 15274 ||| RETREEEEATING.
 15306 | Lair:5   | Reached skill level 18 in Ranged Weapons
 15464 | Lair:5   | Found a staircase to the Slime Pits.
 15464 | Lair:5   | Found a viscous altar of Jiyva.
 15795 | Lair:5   | 15795 ||| RETREEEEATING.
 15802 | Lair:5   | 15802 ||| RETREEEEATING.
 15803 | Lair:5   | 15803 ||| RETREEEEATING.
 15804 | Lair:5   | 15804 ||| RETREEEEATING.
 15805 | Lair:5   | 15805 ||| RETREEEEATING.
 15806 | Lair:5   | 15806 ||| RETREEEEATING.
 15809 | Lair:5   | 15809 ||| INVOKING Finesse.
 15822 | Lair:5   | HP: 14/72 [seven-headed hydra (6)]
 15823 | Lair:5   | 15823 ||| READING 2 scrolls of teleportation.
 15824 | Lair:5   | 15824 ||| DRINKING 3 potions of heal wounds.
 15896 | Lair:5   | Received a gift from Okawaru
 16137 | Lair:5   | 16137 ||| RETREEEEATING.
 16138 | Lair:5   | 16138 ||| RETREEEEATING.
 16140 | Lair:5   | 16140 ||| RETREEEEATING.
 16159 | Lair:5   | HP: 6/72 [death yak (20)]
 16159 | Lair:5   | Mangled by a death yak

Levels and vault maps discovered:
D:1:      wheals_arrival_shading, layout_rooms,
          hellmonk_ecumenical_altar_zigzags
D:2:      layout_basic
D:3:      layout_rooms, mainiacjoe_overflow_surrounded_room
D:4:      layout_cave_pools, amcnicky_altar_gilded, portal_sewer_entry_b
D:5:      layout_loops_ring, gammafunk_temple_overflow_pools,
          minmay_temple_entry_hall, mainiacjoe_ossuary_entry_dusty_tomb,
          roderic_malta_cross, guppyfry_shop_venom
D:6:      layout_basic, mainiacjoe_overflow_alcove_2, minmay_holes,
          minmay_misc_feat_five, corexii_hall_statues_u, grunt_ministairs_1,
          uniq_jeremiah, uniq_eustachio, uniq_menkaure
D:7:      minmay_the_grid_plus [minmay_the_grid_spikes, minmay_the_grid_slots,
          minmay_the_grid_rooms, minmay_the_grid_holed_spiral,
          minmay_the_grid_prize_four_corners_diamond_b], layout_basic,
          kennysheep_mini
D:8:      layout_basic, enter_bailey_5, uniq_pikel
D:9:      minmay_bubble_buster, layout_cave_pods, serial_shops,
          nicolae_shop_overgrown_old_shop, serial_rivers,
          chequers_serial_rivers_large_b, chequers_serial_rivers_micro_d,
          chequers_serial_rivers_small_b, chequers_serial_rivers_micro_b,
          chequers_serial_rivers_small_3, chequers_serial_rivers_small_3,
          minmay_variable_closet, roderic_roman_lattice,
          minmay_misc_feat_encased, abandoned_shop, serial_bayou_lagoon_a
D:10:     layout_long_grid, lemuel_mausoleum_altar_kikubaaqudgha,
          nicolae_overflow_crystal_walls, david_lair_generic, orc_0_dummy,
          patterned_corridor, uniq_maurice
Temple:   nicolae_temple_great_sept
Lair:1:   layout_regular_city, kennysheep_abandoned_house, uniq_joseph,
          uniq_gastronok, uniq_maggie
Lair:2:   layout_misc_corridors, shoals_dummy_entry, alex1729_snake_entry_snake,
          serial_bayou_lagoon_b, uniq_urug
Lair:3:   layout_chaotic_city, lightli_volcano_entry_magma_tube
Lair:4:   layout_loops_ring, grunt_megastairs_1
Lair:5:   minmay_lair_end_enchanted_forest, layout_cave_pods, slime_entry_1,
          grunt_megastairs_5, serial_bayou_shore_b

Skill      XL: |  1  2  3  4  5  6  7  8  9 10 11 12 13 14 |
---------------+-------------------------------------------+-----
Dodging        | 3 4 5 6 7 8 10 15 | 15.6
Ranged Weapons | 5 6 7 10 11 12 14 16 17 18 | 18.0
Fighting       | 2 3 4 5 6 7 |  7.9
Armour         | 1 3 |  3.3
Invocations    | 4 8 10 | 10.0
Stealth        | |  1.5

Action                     |  1- 3 |  4- 6 |  7- 9 | 10-12 | 13-15 || total
---------------------------+-------+-------+-------+-------+-------++-------
   Fire: Shortbow          |   103 |   138 |    86 |       |       ||   327
         Arbalest          |       |       |   236 |   528 |   560 ||  1324
 Invoke: Heroism           |       |       |       |     2 |     2 ||     4
         Finesse           |       |       |       |       |     5 ||     5
    Use: Scroll            |    10 |     6 |     9 |     8 |     3 ||    36
         Potion            |       |       |     8 |     5 |     2 ||    15
 Armour: Robe              |     2 |    10 |     9 |       |       ||    21
         Swamp dragon scal |       |       |    78 |   128 |   142 ||   348
  Dodge: Dodged            |    16 |    54 |   255 |   568 |   454 ||  1347
  Block: Other             |       |       |       |    45 |       ||    45

Table legend:
 A = Non-vault XP
 B = Vault XP
 C = Vault XP percentage of total XP
 D = Non-vault monster count
 E = Vault monster count
 F = Vault count percentage of total count
                 A         B        C        D         E       F
            +---------+---------+-------+---------+---------+-------
      Total |   43631 |   28299 |  39.3 |     308 |     177 |  36.5
            +---------+---------+-------+---------+---------+-------
        D:1 |      52 |       0 |   0.0 |      23 |       0 |   0.0
        D:2 |      23 |       0 |   0.0 |      12 |       0 |   0.0
        D:3 |      43 |       0 |   0.0 |      10 |       0 |   0.0
        D:4 |     511 |      17 |   3.2 |      11 |       5 |  31.2
        D:5 |     471 |     162 |  25.6 |      17 |       3 |  15.0
        D:6 |     470 |     810 |  63.3 |      12 |       5 |  29.4
        D:7 |    1209 |    3188 |  72.5 |      23 |      20 |  46.5
        D:8 |    1742 |     637 |  26.8 |      29 |       5 |  14.7
        D:9 |    1704 |    2128 |  55.5 |      27 |      13 |  32.5
       D:10 |    3647 |    4315 |  54.2 |      18 |      17 |  48.6
     Lair:1 |    2637 |    2703 |  50.6 |      15 |      17 |  53.1
     Lair:2 |    5211 |    1485 |  22.2 |      28 |       3 |   9.7
     Lair:3 |    4145 |       0 |   0.0 |      22 |       0 |   0.0
     Lair:4 |   12240 |    1812 |  12.9 |      32 |       5 |  13.5
     Lair:5 |    9526 |   10001 |  51.2 |      29 |      49 |  62.8
      Sewer |       0 |     179 | 100.0 |       0 |      21 | 100.0
    Ossuary |       0 |     862 | 100.0 |       0 |      14 | 100.0
            +---------+---------+-------+---------+---------+-------
